 Dungeon Crawl Stone Soup version 0.29-a0-275-g389c0b56f3 (webtiles) character file.

Game seed: 8765393456907801776

13 spaghetti the Skirmisher (level 2, -2/35 HPs)
             Began as an Ogre Chaos Knight on Mar 9, 2022.
             Was a Plaything of Xom.
             Slain by a gnoll
             ... wielding a +0 halberd
              (4 damage)
             ... on level 3 of the Dungeon.
             The game lasted 00:01:59 (718 turns).

spaghetti the Skirmisher (Ogre Chaos Knight)         Turns: 718, Time: 00:02:00

Health: -2/35      AC:  5    Str: 15    XL:     2   Next: 37%
Magic:  2/2        EV:  9    Int: 13    God:    Xom [..*...]
Gold:   33         SH:  0    Dex:  8    Spells: 1/1 levels left

rFire   . . .      SeeInvis .   a - +0 short sword (chaos) {short}
rCold   . . .      Faith    .   (no shield)
rNeg    . . .      Spirit   .   b - +2 robe
rPois   .          Reflect  .   (helmet restricted)
rElec   .          Harm     .   (no cloak)
rCorr   .          Rampage  .   (gloves unavailable)
Will    .....                   (boots unavailable)
Stlth   +.........              (no amulet)
HPRegen 0.11/turn               (no ring)
MPRegen 0.08/turn               (no ring)

@: no status effects
A: large, unfitting armour, tough skin 1
a: Renounce Religion


You were on level 3 of the Dungeon.
You worshipped Xom.
You were a toy of Xom.
You visited 1 branch of the dungeon, and saw 3 of its levels.

You collected 33 gold pieces.


Innate Abilities, Weirdness & Mutations

You are too large for most types of armour.
You have tough skin. (AC +1)


   Skills:
 + Level 5.0 Fighting
 - Level 2.6 Short Blades
 - Level 2.1 Dodging


You had one spell level left.
You didn't know any spells.
Your spell library contained the following spells:

 Spells                   Type           Power      Damage    Failure   Level
 Beastly Appendage        Tmut           0%         N/A       30%         1
 Wereblood                Tmut           0%         N/A       43%         2
 Spider Form              Tmut/Pois      0%         N/A       67%         3
 Tukima's Dance           Hex            0%         N/A       67%         3
 Anguish                  Hex/Necr       0%         N/A       97%         4
 Enfeeble                 Hex            0%         N/A       100%        7

Inventory:

Hand Weapons
 a - a +0 short sword of chaos (weapon) {short}
Missiles
 d - 19 stones {throwing}
 e - 3 poisoned darts {throwing}
Armour
 b - a +2 robe (worn)
Miscellaneous
 c - a piece from Xom's chessboard (15/15) (quivered)

Dungeon Overview and Level Annotations

Branches:
Dungeon (3/15)

Altars:

.# .# ..
####.# ..#.#
. #g#.# ...
#<#.###
.....###g...#
.......@....#
.....###....#
... #....# .
######


You could see a gnoll.


Message History

No target in view!
No target in view!
No target in view!
No target in view!
No target in view!
No target in view!
No target in view!
No target in view!
No target in view!
d - 19 stones {throwing} (gained 3)
Things that are here:
a +0 dagger {short}; a kobold corpse You now have 24 gold pieces (gained 9). "This place needs a little more atmosphere."
Okay, then.
Partly explored, can't reach some places.
Partly explored, can't reach some places.
Partly explored, can't reach some places.
Partly explored, can't reach some places.
No target in view!
Partly explored, can't reach some places.
Partly explored, can't reach some places.
You start waiting.
Your trail of clouds dissipates.
Done waiting.
Things that are here:
a +0 dagger {short}; a kobold corpse
Found a stone staircase leading down.
You now have 33 gold pieces (gained 9).
A hobgoblin comes into view.
The hobgoblin shouts!
A hobgoblin is nearby!
A hobgoblin is nearby!
The hobgoblin barely misses you.
You see here a scroll labelled DUFRO VOERGHUR.
You hit the hobgoblin but do no damage. The hobgoblin misses you.
You hit the hobgoblin but do no damage.
The hobgoblin is poisoned.
The hobgoblin hits you.
The hobgoblin barely misses you. 😕 HP[-3]
You take 3 damage, and now have 30/33 hp.
You barely miss the hobgoblin.
You kill the hobgoblin!
The hobgoblin hits you but does no damage. 😕 HP[+1]
You hit the hobgoblin but do no damage.
The hobgoblin is poisoned.
The hobgoblin hits you. 😕 HP[-2]
You take 2 damage, and now have 29/33 hp.
You barely miss the hobgoblin. The hobgoblin barely misses you.
You hit the hobgoblin.
You kill the hobgoblin!
Training target 5.0 for Fighting reached!
Your Fighting skill increases to level 5!
You need to enable at least one skill for training. 😕 HP[+2]
You now have 35 max hp (+2).
You regained 2 hp, and now have 31/35 hp.
Okay, then.
f - a scroll labelled DUFRO VOERGHUR 😎 HP[+4]
Your hp is fully restored (35).
Key pressed, stopping explore.
Found an escape hatch in the floor.
A gnoll comes into view. It is wielding a +0 whip.
The gnoll shouts!
A gnoll comes into view. It is wielding a +0 whip.
A gnoll comes into view. It is wielding a +0 halberd.
The gnoll shouts! x2
There is a stone staircase leading down here.
The gnoll hits you with a +0 halberd!
There is a stone staircase leading down here. 😮 HP[-11]
You take 11 damage, and now have 24/35 hp.
MASSIVE DAMAGE!! (PAUSE)
The gnoll hits you with a +0 halberd!
* * * LOW HITPOINT WARNING * * *
You climb downwards.
There is a stone staircase leading up here. 😨 HP[-9]
You take 9 damage, and now have 15/35 hp.
MASSIVE DAMAGE!! (PAUSE) Unknown command.
Unknown command.
You aren't carrying any potions.
You hit the gnoll. The gnoll hits you with a +0 halberd!
* * * LOW HITPOINT WARNING * * *
😱 HP[-13]
You take 13 damage, and now have 2/35 hp.
MASSIVE DAMAGE!! (PAUSE)
The gnoll barely misses you.
As you read the scroll labelled DUFRO VOERGHUR, it crumbles to dust.
It is a scroll of amnesia.
You feel forgetful for a moment.
You aren't carrying any scrolls.
Unknown command.
You aren't carrying any potions.
You hit the gnoll but do no damage. The gnoll closely misses you.
Okay, then.
You hit the gnoll. The gnoll hits you with a +0 halberd.
You die...

Skill      XL: |  1  2 |
---------------+-------+-----
Fighting       | 5 |  5.0
Short Blades   | |  2.6
Dodging        | |  2.1

Action                   || total
-------------------------++-------
Melee: Short sword       ||    42
       Punch             ||     2
  Use: Scroll            ||     2
Armor: Robe              ||    16
Dodge: Dodged            ||    14

Levels and vault maps discovered:
D:1:      co_arrival_random_square_maze, layout_basic,
          shapermc_ecumenical_altar_venn
D:2:      layout_loops_ring, st_stairs_4, grunt_ministairs_15, uniq_jessica
D:3:      layout_basic, uniq_grinder, uniq_natasha

Notes
Turn   | Place    | Note
-------+----------+-------------------------------------------
     0 | D:1      | spaghetti the Ogre Chaos Knight began the quest for the
                  | Orb.
     0 | D:1      | Reached XP level 1. HP: 24/24 MP: 1/1
     0 | D:1      | magus.rc [v1.9.6]
    16 | D:1      | XOM: silly message
   155 | D:1      | You pick up a book of Maledictions and begin reading...
   155 | D:1      | You add the spells Tukima's Dance, Anguish and Enfeeble to
                  | your library.
   295 | D:1      | Reached XP level 2. HP: 26/33 MP: 2/2
   452 | D:1      | You pick up a book of Changes and begin reading...
   452 | D:1      | You add the spells Beastly Appendage, Wereblood and Spider
                  | Form to your library.
   463 | D:1      | You fall into a shaft and drop 1 floor!
   472 | D:2      | XOM: cloud trail
   630 | D:2      | Reached skill level 5 in Fighting
   713 | D:3      | HP: 2/35 [gnoll/+0 halberd (13)]
   718 | D:3      | Slain by a gnoll

Vanquished Creatures
  2 endoplasms (D:1)
  A goblin (D:1)
  2 hobgoblins (D:2)
  2 kobolds
  2 quokkas (D:1)
  A ball python (D:1)
  A rat (D:1)
11 creatures vanquished.

Table legend:
 A = Non-vault XP
 B = Vault XP
 C = Vault XP percentage of total XP
 D = Non-vault monster count
 E = Vault monster count
 F = Vault count percentage of total count
                 A         B        C        D         E       F
            +---------+---------+-------+---------+---------+-------
      Total |      19 |       0 |   0.0 |      11 |       0 |   0.0
            +---------+---------+-------+---------+---------+-------
        D:1 |      14 |       0 |   0.0 |       8 |       0 |   0.0
        D:2 |       5 |       0 |   0.0 |       3 |       0 |   0.0
            +---------+---------+-------+---------+---------+-------

Illustrated notes

Table legend:
 A = Kills in this place as a percentage of kills in entire the game.
 B = Kills by you in this place as a percentage of kills by you in the entire game.
 C = Kills by friends in this place as a percentage of kills by friends in the entire game.
 D = Other kills in this place as a percentage of other kills in the entire game.
 E = Experience gained in this place as a percentage of experience gained in the entire game.
 F = Experience gained in this place divided by the number of levels of this place that you have seen.
                   A       B       C       D       E      F
               +-------+-------+-------+-------+-------+----------------------
         Total | 100.0 | 100.0 |   N/A |   N/A | 100.0 |   6.3
       Dungeon | 100.0 | 100.0 |   N/A |   N/A | 100.0 |   6.3
               +-------+-------+-------+-------+-------+----------------------

Table legend: (Time is in decaauts)
 A = Elapsed time spent in this place.
 B = Non-inter-level travel time spent in this place.
 C = Inter-level travel time spent in this place.
 D = Time resting spent in this place.
 E = Time spent auto-exploring this place.
 F = Levels seen in this place.
 G = Mean time per level.
                   A        B        C        D        E       F      G
               +--------+--------+--------+--------+--------+-----+--------+
         Total |    716 |    716 |      0 |    346 |    269 |   3 |  238.7 |
       Dungeon |    716 |    716 |      0 |    346 |    269 |   3 |  238.7 |
               +--------+--------+--------+--------+--------+-----+--------+

Top non-repeatable levels by time:
     D:1: 462 daAuts
     D:2: 248 daAuts
     D:3: 5 daAuts
